 Dungeon Crawl Stone Soup version 0.31-a0-699-g830162fb6c (webtiles) character file.

Game seed: 6582261421232373166

343 qw the Shooter (level 6, -9/39 HPs)
             Began as a Gargoyle Hunter on Sept 7, 2023.
             Mangled by an iguana (10 damage)
             ... on level 4 of the Dungeon.
             The game lasted 00:00:57 (2450 turns).

qw the Shooter (Gargoyle Hunter)                    Turns: 2450, Time: 00:00:58

Health: -9/39      AC: 10    Str: 15    XL:     6   Next: 57%
Magic:  6/6        EV: 11    Int:  9    God:
Gold:   144        SH:  0    Dex: 15    Spells: 5/5 levels left

rFire   x . .        Y - +0 shortbow
rCold   + . .        (shield currently unavailable)
rNeg    + . .        h - +0 ring mail
rPois   inf          (no helmet)
rElec   +            (no cloak)
rCorr   .            (no gloves)
SInv    .            d - +0 pair of boots
Will    ++...        b - amulet of the acrobat
Stlth   +            f - ring "Vuatue" {Ice Will++}
HPRegen 0.26/turn    (no ring)
MPRegen 0.10/turn

%: acrobat
@: no status effects
A: sickness immunity, AC +4, negative energy resistance 1, electricity
resistance, torment resistance 1, petrification resistance
a: no special abilities


You were on level 4 of the Dungeon.
You visited 1 branch of the dungeon, and saw 4 of its levels.

You collected 144 gold pieces.


Innate Abilities, Weirdness & Mutations

You are immune to sickness and miasma.
Your stone body is resilient. (AC +4)
You are immune to poison.
You resist negative energy. (rN+)
You are resistant to electric shocks. (rElec)
You are resistant to unholy torment.
You are immune to petrification.


   Skills:
 - Level 4.5 Fighting
 + Level 6.5 Ranged Weapons
 - Level 1.4 Armour
 - Level 1.5 Dodging
 - Level 1.1 Stealth


You had 5 spell levels left.
You didn't know any spells.
Your spell library was empty.

Inventory:

Hand Weapons
 Y - a +0 shortbow (weapon)
Armour
 d - a +0 pair of boots (worn)
 h - a +0 ring mail (worn)
 j - the +6 ring mail "Paecinil" {rPois rF+ MP+9}
   (You found it on level 4 of the Dungeon)

   rF+:       It protects you from fire.
   rPois:     It protects you from poison MP+9: It affects your magic capacity
   (+9).
Jewellery
 b - an amulet of the acrobat (around neck)
 f - the ring "Vuatue" (left hand) {Ice Will++}
   (You found it on level 3 of the Dungeon)

   [ring of ice]

   Ice:       It enhances your ice magic.
   rF-:       It makes you vulnerable to fire.
   rC+:       It protects you from cold.
   Will++:    It greatly increases your willpower.
 l - an amulet of faith
Wands
 k - a wand of digging (4)
Scrolls
 a - a scroll of identify
 c - a scroll of teleportation {unknown}
Potions
 g - a potion of mutation
 i - a potion of curing {unknown}

Dungeon Overview and Level Annotations

Branches:
Dungeon (4/15)
 Temple: D:4-7

Altars:
Qazlal

Annotations:
D:4 2 transporters, qw's ghost, amateur GrHu


Message History

You shoot an arrow. The arrow hits the ogre.
The ogre is heavily wounded.
The ogre hits you with a +0 giant club!
2440 ||| DRINKING potion of heal wounds.
You feel much better. The ogre hits you with a +0 giant club!
You shoot an arrow. The arrow barely misses the ogre.
An iguana comes into view.
The ogre misses you.
You shoot an arrow. The iguana hisses angrily.
The arrow hits the ogre.
The ogre is heavily wounded.
The ogre closely misses you.
You shoot an arrow. The arrow hits the ogre.
The ogre is severely wounded.
You shoot an arrow. The arrow hits the ogre.
The ogre is severely wounded.
A giant cockroach comes into view.
The ogre hits you with a +0 giant club!
You shoot an arrow. The arrow hits the ogre!
The ogre is almost dead.
The ogre closely misses you.
You shoot an arrow. The arrow hits the ogre.
You kill the ogre!
You shoot an arrow. The arrow barely misses the iguana.
The arrow hits the giant cockroach!
You kill the giant cockroach!
The iguana misses you. The iguana closely misses you.
You shoot an arrow. The arrow hits the iguana.
The iguana is lightly wounded.
The iguana bites you.
You shoot an arrow.
The arrow hits the iguana but does no damage.
The iguana is lightly wounded.
The iguana bites you.
You shoot an arrow. The arrow hits the iguana.
The iguana is moderately wounded.
The iguana bites you!
You die...

.... ##..# #...# #...#
#########..# #.
...........# #..
...........# #..######
....%.l@...## ##.......
.......)##..# ##........
.........#..###.........
.........##..##.........
........###...##........
.......## ##..####....##
#...... #...#.....###
#....## ##.....###...
#..##### ####


You could see an iguana.

Vanquished Creatures
  An ogre (D:4)
  A phantom (D:4)
  Terence (D:3)
  7 gnolls
  2 adders (D:2)
  5 dart slugs
  7 ball pythons
  6 bats
  5 endoplasms
  5 giant cockroaches
  6 goblins
  3 hobgoblins
  2 jackals (D:2)
  A quokka (D:2)
  2 frilled lizards (D:2)
  8 kobolds
  2 rats
  A spectral kobold (D:2)
65 creatures vanquished.

Notes
Turn   | Place    | Note
-------+----------+-------------------------------------------
     0 | D:1      | qw the Gargoyle Hunter began the quest for the Orb.
     0 | D:1      | Reached XP level 1. HP: 12/12 MP: 1/1
     0 | D:1      | 0 ||| qw: Version: 0.3-a-76-g4403597
     0 | D:1      | 0 ||| qw: Game counter: 399
     0 | D:1      | 0 ||| qw: Melee chars always use a shield: true
     0 | D:1      | 0 ||| qw: God list: Okawaru
     0 | D:1      | 0 ||| qw: Allow faded altars: false
     0 | D:1      | 0 ||| qw: Do Orc after clearing Dungeon:15 true
     0 | D:1      | 0 ||| qw: Do second Lair branch before Depths: true
     0 | D:1      | 0 ||| qw: Lair rune preference: random
     0 | D:1      | 0 ||| qw: Goals: Normal
     0 | D:1      | 0 ||| PLANNING D:1-11
   126 | D:1      | Reached XP level 2. HP: 17/17 MP: 2/2
   456 | D:1      | Reached XP level 3. HP: 16/21 MP: 3/3
   537 | D:1      | Reached skill level 5 in Ranged Weapons
   595 | D:1      | 595 ||| UPGRADING to +0 pair of boots.
   600 | D:1      | 600 ||| UPGRADING to +0 ring mail.
   610 | D:1      | 610 ||| DROPPING +0 leather armour.
   611 | D:1      | 611 ||| DROPPING ring of magical power.
   612 | D:1      | 612 ||| READING 2 scrolls labelled ZOULIUXKOMP.
   613 | D:1      | 613 ||| DROPPING scroll of butterflies.
   719 | D:2      | Reached skill level 1 in Armour
   722 | D:2      | Reached XP level 4. HP: 25/27 MP: 4/4
   727 | D:2      | Reached skill level 3 in Fighting
   915 | D:2      | Found a stormy altar of Qazlal.
   965 | D:2      | Found a faded altar of an unknown god.
  1053 | D:2      | 1053 ||| Stepping ~*~*~tactically~*~*~ (outnumbered).
  1218 | D:2      | 1218 ||| UPGRADING to amulet of the acrobat.
  1223 | D:2      | 1223 ||| READING scroll labelled CEJUIQ IRANK.
  1224 | D:2      | 1224 ||| READING 3 scrolls labelled OGEDEF JUMIE.
  1243 | D:2      | 1243 ||| READING scroll labelled WAVAEKLIONI.
  1244 | D:2      | 1244 ||| DRINKING 2 smoky green potions.
  1245 | D:2      | 1245 ||| READING 2 scrolls of identify.
  1245 | D:2      | 1245 ||| IDENTIFYING fuming white potion
  1246 | D:2      | 1246 ||| DROPPING potion of brilliance.
  1247 | D:2      | 1247 ||| DROPPING 2 scrolls of torment.
  1312 | D:3      | Noticed Terence
  1323 | D:3      | Killed Terence
  1324 | D:3      | Reached XP level 5. HP: 17/32 MP: 5/5
  1730 | D:3      | 1730 ||| Stepping ~*~*~tactically~*~*~ (outnumbered).
  1739 | D:3      | Reached skill level 6 in Ranged Weapons
  2155 | D:3      | Identified the ring "Vuatue" {Ice Will++}
  2235 | D:3      | 2235 ||| UPGRADING to ring "Vuatue" {Ice Will++}.
  2236 | D:3      | 2236 ||| READING scroll labelled LEOTOE HOUNOF.
  2237 | D:3      | 2237 ||| READING 2 scrolls of identify.
  2237 | D:3      | 2237 ||| IDENTIFYING cyan potion
  2313 | D:4      | Identified the +6 ring mail "Paecinil" {rPois rF+ MP+9}
  2322 | D:4      | Found a transporter.
  2335 | D:4      | Noticed qw's ghost (amateur GrHu)
  2338 | D:4      | Found a transporter.
  2380 | D:4      | Noticed a phantom
  2391 | D:4      | Killed a phantom
  2392 | D:4      | Reached XP level 6. HP: 38/39 MP: 6/6
  2439 | D:4      | HP: 4/39 [ogre/+0 giant club (9)]
  2440 | D:4      | 2440 ||| DRINKING potion of heal wounds.
  2444 | D:4      | HP: 6/39 [ogre/+0 giant club (9)]
  2449 | D:4      | HP: 1/39 [iguana (3)]
  2450 | D:4      | Mangled by an iguana

Levels and vault maps discovered:
D:1:      grunt_arrival_crossed_arrows, layout_basic
D:2:      layout_basic, basic_altar, dreamdust_ecumenical_altar_drowned_temple,
          st_stairs_3
D:3:      layout_basic, hangedman_decor_riveting, uniq_terence
D:4:      layout_cave_pods, gammafunk_ghost_arena,
          chequers_serial_rivers_micro_d

Skill      XL: |  1  2  3  4  5 |
---------------+----------------+-----
Ranged Weapons | 5 6 |  6.5
Armour         | 1 |  1.4
Fighting       | 3 4 |  4.5
Dodging        | |  1.5
Stealth        | |  1.1

Action                     |  1- 3 |  4- 6 || total
---------------------------+-------+-------++-------
   Fire: Shortbow          |    87 |   137 ||   224
    Use: Scroll            |     1 |     6 ||     7
         Potion            |       |     2 ||     2
 Armour: Leather armour    |    23 |       ||    23
         Ring mail         |     2 |    65 ||    67
  Dodge: Dodged            |    19 |    56 ||    75

Table legend:
 A = Non-vault XP
 B = Vault XP
 C = Vault XP percentage of total XP
 D = Non-vault monster count
 E = Vault monster count
 F = Vault count percentage of total count
                 A         B        C        D         E       F
            +---------+---------+-------+---------+---------+-------
      Total |     449 |      41 |   8.4 |      61 |       4 |   6.2
            +---------+---------+-------+---------+---------+-------
        D:1 |      42 |       0 |   0.0 |      22 |       0 |   0.0
        D:2 |      98 |       5 |   4.9 |      21 |       3 |  12.5
        D:3 |      72 |      36 |  33.3 |      12 |       1 |   7.7
        D:4 |     237 |       0 |   0.0 |       6 |       0 |   0.0
            +---------+---------+-------+---------+---------+-------
